 Dungeon Crawl Stone Soup version 0.30.1-9-gdf580d7c3d (webtiles) character file.

Game seed: 17776619897701803591

7553 monsoonserge the Carver (level 11, -5/95 HPs)
             Began as a Meteoran Monk on Oct 21, 2023.
             Was an Elder of Qazlal.
             Slain by a catoblepas (17 damage)
             ... on level 1 of the Lair of Beasts.
             The game lasted 00:27:14 (3573 turns).

monsoonserge the Carver (Meteoran Monk)             Turns: 3573, Time: 00:27:15

Health: -5/95      AC:  9    Str: 13    XL:     11   Next: 65%
Magic:  0/17       EV: 16    Int: 13    God:    Qazlal [****..]
Gold:   224        SH:  5    Dex: 20    Spells: 10/10 levels left

rFire   + . .        w - +2 long sword (heavy)
rCold   + . .        d - orb {light}
rNeg    . . .        l - +0 acid dragon scales
rPois   .            N - +0 helmet
rElec   .            r - scarf {rC+ rF+}
rCorr   +            t - +0 pair of gloves
SInv    .            (no boots)
Will    +....        b - amulet of guardian spirit
Stlth   +            (no ring)
HPRegen 0.35/turn    (no ring)
MPRegen 0.15/turn

%: repel missiles, guardian spirit
@: glowing
A: sense surroundings 2, otherworldly, glowing, explore regen
a: Renounce Religion, Upheaval, Elemental Force


You were on level 1 of the Lair of Beasts.
You worshipped Qazlal.
Qazlal was greatly pleased with you.
You visited 3 branches of the dungeon, and saw 10 of its levels.

You collected 400 gold pieces.
You spent 176 gold pieces at shops.

Inventory:

Hand Weapons
 w - a +2 heavy long sword (weapon)
Missiles
 s - 7 javelins
 x - 2 boomerangs (quivered)
 A - 13 poisoned darts
 L - 4 silver javelins
 M - 2 throwing nets
Armour
 d - an orb of light (worn)
 l - +0 acid dragon scales (worn)
 r - a scarf of resistance (worn)
 t - a +0 pair of gloves (worn)
 B - a +2 robe of willpower
 N - a +0 helmet (worn)
Jewellery
 b - an amulet of guardian spirit (around neck)
 H - a +6 ring of strength
 J - a ring of wizardry
Wands
 i - a wand of charming (21)
 E - a wand of digging (4)
 I - a wand of flame (32)
Scrolls
 e - a scroll of silence {unknown}
 f - 7 scrolls of teleportation
 g - a scroll of brand weapon {unknown}
 h - 3 scrolls of enchant weapon
 j - 2 scrolls of identify
 k - 3 scrolls of enchant armour
 n - 2 scrolls of fog {unknown}
 o - 4 scrolls of poison {unknown}
 y - 2 scrolls of immolation {unknown}
 C - 2 scrolls of magic mapping
 G - 5 scrolls of amnesia {unknown}
Potions
 a - a potion of berserk rage
 c - a potion of lignification
 m - 4 potions of flight {unknown}
 p - 2 potions of cancellation
 u - 4 potions of heal wounds
 v - a potion of might {unknown}
 z - 4 potions of curing
 D - 2 potions of mutation {unknown}
 F - a potion of magic {unknown}
 K - 2 potions of attraction {unknown}


   Skills:
 + Level 8.4 Fighting
 + Level 13.6 Long Blades
 + Level 2.5 Throwing
 + Level 4.9 Armour
 + Level 7.8 Dodging
 + Level 5.4 Shields
 + Level 7.0 Invocations
 + Level 2.0 Evocations


You had 10 spell levels left.
You didn't know any spells.
Your spell library contained the following spells:

 Spells                   Type           Power      Damage    Failure   Level
 Necrotise                Necr           0%         1d4       41%         1
 Cigotuvi's Dreadful Rot  Necr/Pois/Air  0%         N/A       54%         2
 Sublimation of Blood     Necr           0%         N/A       54%         2
 Inner Flame              Hex/Fire       0%         N/A       78%         3
 Stone Arrow              Conj/Erth      0%         3d7       78%         3
 Animate Armour           Summ/Erth      0%         N/A       99%         4
 Flame Wave               Conj/Fire      0%         2d4       99%         4
 Sticky Flame             Conj/Fire      0%         2d3       99%         4
 Lehudib's Crystal Spear  Conj/Erth      0%         10d2      100%        8
 Necromutation            Tmut/Necr      0%         N/A       100%        8


Dungeon Overview and Level Annotations

Branches:
Dungeon (8/15) Zot: 1214   Temple (1/1) D:6 Zot: 587    Lair (1/5) D:8 Zot: 494

Altars:
Ashenzari
Cheibriados
Dithmenos
Elyvilon
Fedhas
Hepliaklqana
Kikubaaqudgha
Nemelex Xobeh
Okawaru
Qazlal
Sif Muna
Vehumet
Wu Jian
Xom
Zin
The Shining One

Shops:
D:2 (!?*:   D:6 *   D:7 [*

Annotations:
Temple 2 transporters


Innate Abilities, Weirdness & Mutations

You passively map the area around you.
You are easily found by Zot.
You glow in the dark.
You regain HP and MP as you explore.


Message History

You kill the yak!
Qazlal accepts your kill.
Your Invocations skill increases to level 7!
You hit the catoblepas but do no damage.
The catoblepas is heavily wounded.
The catoblepas gores you!!
Unknown command.
Aiming: Upheaval
Press: ? - help, Dir - move target, f/p - yak
Aim: a yak (heavily wounded, haloed)
A storm cloud blasts the area with cutting wind!
The cutting wind hits the yak!!
The yak is severely wounded.
The cutting wind hits the yak!
The yak is severely wounded.
Qazlal accepts your kill.
You feel a bit more experienced.
The cutting wind hits the yak!
The yak is severely wounded.
The yak is engulfed in a thunderstorm.
You kill the yak!
Qazlal accepts your kill. The catoblepas misses you.
You slash the catoblepas!
The catoblepas is severely wounded.
The catoblepas gores you.
Unknown command.
You hit the catoblepas but do no damage.
The catoblepas is severely wounded.
The catoblepas breathes a plume of calcifying dust at you.
The blast of calcifying dust hits you but does no damage.
Unknown command.
You don't have enough magic at the moment.
You slash the catoblepas!
The catoblepas is severely wounded.
The catoblepas gores you!!
* * * LOW HITPOINT WARNING * * *
You slash the catoblepas!
The catoblepas is almost dead.
The catoblepas gores you!
You die...

..#...## ...# ##.....# * ,
..#.... ,, ...+Y8....# ,
....# * * * #..F.#..# **
##...# * *##.#...# * *
.....# #......# *, .....#
#......### .....#
####.Y†.....#,
.....##########P##lY........
* ,
..........§..§§§@YFY.....^..
,
#######.###############P####
### ## ** *


You could see a catoblepas, a komodo dragon, 3 yaks and a cane toad.

Vanquished Creatures
  A fire crab (D:8)
  Pikel (D:4)
  The ghost of SuperSeabass the Slicer, a novice VSHs of Zin (D:8)
  An oklob plant (D:7)
  Psyche (D:8)
  2 komodo dragons (Lair:1)
  7 yaks (Lair:1)
  A shadow (D:5)
  2 wyverns
  Menkaure (D:7)
  2 acid dragons (D:8)
  4 water moccasins
  2 sky beasts (D:6)
  An orc warrior (D:7)
  3 ogres
  2 centaurs
  2 phantoms
  A kobold brigand (D:4)
  3 bullfrogs
  A gnoll sergeant (D:6)
  4 scorpions
  4 wights (D:6)
  A howler monkey (D:5)
  3 hounds
  5 orc priests
  10 jellies (D:7)
  A gnoll bouda (D:7)
  2 iguanas
  8 orc wizards
  A sleepcap (D:7)
  13 gnolls
  8 adders
  A shadow imp (D:8)
  A white imp (D:6)
  An ufetubus (D:6)
  3 dart slugs
  24 orcs
  4 bats
  26 endoplasms
  2 giant cockroaches
  9 goblins
  9 hobgoblins
  3 jackals (D:4)
  A quokka (D:4)
  7 ball pythons
  2 frilled lizards (D:3)
  6 kobolds
  A rat (D:1)
199 creatures vanquished.

Notes
Turn   | Place    | Note
-------+----------+-------------------------------------------
     0 | D:1      | monsoonserge the Meteoran Monk began the quest for the Orb.
     0 | D:1      | Reached XP level 1. HP: 19/19 MP: 2/2
    92 | D:1      | Reached XP level 2. HP: 26/26 MP: 3/3
   167 | D:1      | Reached skill level 4 in Long Blades
   170 | D:1      | Found a faded altar of an unknown god.
   250 | D:2      | Found Xituledo's Assorted Antiques.
   254 | D:2      | Reached XP level 3. HP: 31/31 MP: 4/4
   290 | D:2      | Found Huomaed's Book Shop.
   379 | D:2      | Reached XP level 4. HP: 4/40 MP: 5/5
   385 | D:2      | Found Wamin's Distillery.
   412 | D:2      | HP: 2/40 [adder (2)]
   566 | D:2      | Reached XP level 5. HP: 39/46 MP: 6/6
   646 | D:2      | Reached skill level 5 in Long Blades
   739 | D:2      | Found Quyzoin's Antique Weapon Emporium.
   806 | D:2      | Bought a scroll labelled FUPNUSMOHIO for 20 gold pieces
   806 | D:2      | Bought a scroll labelled IKIOVIGOEC for 20 gold pieces
   843 | D:2      | Found Ahunyhim's Magic Scroll Emporium.
   846 | D:2      | Bought a scroll of teleportation for 36 gold pieces
   921 | D:3      | Found a stormy altar of Qazlal.
   921 | D:3      | Found a broken altar of Ashenzari.
   930 | D:3      | Became a worshipper of Qazlal Stormbringer
   930 | D:3      | Reached * piety under Qazlal
   930 | D:3      | Reached ** piety under Qazlal
  1057 | D:3      | Reached skill level 1 in Armour
  1057 | D:3      | Reached skill level 1 in Invocations
  1057 | D:3      | Reached XP level 6. HP: 47/52 MP: 7/7
  1144 | D:3      | Found a glowing silver altar of Zin.
  1378 | D:3      | Noticed an ogre
  1382 | D:3      | Killed an ogre
  1383 | D:3      | Reached skill level 6 in Long Blades
  1414 | D:4      | Reached XP level 7. HP: 60/60 MP: 9/9
  1455 | D:4      | Found a hazy altar of Hepliaklqana.
  1603 | D:4      | Noticed Pikel
  1612 | D:4      | Killed Pikel
  1613 | D:4      | Reached skill level 5 in Fighting
  1613 | D:4      | Reached skill level 7 in Long Blades
  1613 | D:4      | Reached skill level 1 in Throwing
  1613 | D:4      | Reached skill level 5 in Dodging
  1613 | D:4      | Reached skill level 1 in Shields
  1613 | D:4      | Reached XP level 8. HP: 49/68 MP: 10/12
  1614 | D:4      | Found a large runed translucent door.
  1627 | D:4      | Found a large runed translucent door.
  1635 | D:4      | Found a shadowy altar of Dithmenos.
  1645 | D:4      | Found a snail-covered altar of Cheibriados.
  1742 | D:4      | Found a radiant altar of Vehumet.
  1990 | D:5      | Entered Level 5 of the Dungeon
  1995 | D:5      | Reached skill level 8 in Long Blades
  1999 | D:5      | Gained mutation: You passively map the area around you.
                  | [Meteoran growth]
  1999 | D:5      | Reached XP level 9. HP: 71/74 MP: 13/13
  2086 | D:5      | Got the Reference Book on Necromancy
  2209 | D:5      | Reached *** piety under Qazlal
  2289 | D:6      | Reached skill level 9 in Long Blades
  2289 | D:6      | Reached skill level 5 in Invocations
  2373 | D:6      | Found a glowing golden altar of the Shining One.
  2445 | D:6      | Found a staircase to the Ecumenical Temple.
  2464 | Temple   | Entered the Ecumenical Temple
  2464 | Temple   | Found a transporter.
  2464 | Temple   | Found a transporter.
  2632 | D:6      | Found Icatoum's General Store.
  2640 | D:6      | Bought a potion of berserk rage for 70 gold pieces
  2721 | D:7      | Reached XP level 10. HP: 74/84 MP: 12/15
  2726 | D:7      | Reached skill level 10 in Long Blades
  2799 | D:7      | Noticed Menkaure
  2805 | D:7      | Killed Menkaure
  2912 | D:7      | Noticed an oklob plant
  2918 | D:7      | Reached skill level 11 in Long Blades
  2929 | D:7      | Reached **** piety under Qazlal
  2949 | D:7      | Killed an oklob plant
  3060 | D:7      | Found Sarasvati's Dragon-Slaying Spoils.
  3088 | D:7      | Found Udaoj's Assorted Antiques.
  3096 | D:7      | Bought a scroll labelled FOTANY LIREMM for 30 gold pieces
  3152 | D:8      | Noticed Psyche
  3158 | D:8      | Killed Psyche
  3224 | D:8      | Noticed SuperSeabass's ghost (novice VSHs)
  3264 | D:8      | Found a runed translucent door.
  3280 | D:8      | Killed SuperSeabass's ghost
  3281 | D:8      | Reached skill level 12 in Long Blades
  3281 | D:8      | Reached skill level 1 in Evocations
  3281 | D:8      | Reached XP level 11. HP: 57/92 MP: 11/17
  3340 | D:8      | Noticed a fire crab
  3341 | D:8      | Found a staircase to the Lair.
  3461 | D:8      | Killed a fire crab
  3473 | Lair:1   | Entered Level 1 of the Lair of Beasts
  3489 | Lair:1   | Reached skill level 13 in Long Blades
  3532 | Lair:1   | Reached skill level 5 in Shields
  3541 | Lair:1   | Noticed a catoblepas
  3573 | Lair:1   | Slain by a catoblepas

Illustrated notes

Levels and vault maps discovered:
D:1:      dpeg_arrival_tiny_a, layout_loops_cross, basic_ecumenical_altar,
          serial_shops, shop, minmay_three_crescents
D:2:      layout_loops_ring, serial_shops, nicolae_shop_industrial_runoff, shop,
          shop_statue, shop, shop, minmay_misc_feat_iff, minmay_joined_circles
D:3:      layout_loops_ring, general_overflow_altar, jmf_multi_god_temple
D:4:      layout_loops_ring, fiery_altar_vehumet, jmf_multi_god_temple2,
          mainiacjoe_overflow_alcove_2, minmay_manual_maat, uniq_pikel
D:5:      layout_rooms
D:6:      layout_basic, mainiacjoe_overflow_small_starburst,
          minmay_temple_entry_waves, serial_shops,
          nicolae_shop_advertising_works [nicolae_subvault_shop_adworks]
D:7:      lemuel_slime, layout_rooms, serial_shops, shop,
          nicolae_shop_dragon_depot, minmay_a_box_with_orc_wizards_in_it,
          uniq_menkaure
D:8:      layout_basic, minmay_lair_entry_lava, hellmonk_ghost_happy_afterlife,
          uniq_psyche
Temple:   hellmonk_temple_divided_pantheon
Lair:1:   minmay_lair_oklob_chamber, layout_chaotic_city, serial_rivers,
          chequers_serial_rivers_micro_d, chequers_serial_rivers_room_a,
          chequers_serial_rivers_small_b, chequers_serial_rivers_room_a,
          grunt_megastairs_4

Skill      XL: |  1  2  3  4  5  6  7  8  9 10 11 |
---------------+----------------------------------+-----
Long Blades    | 4 5 6 7 8 9 12 13 | 13.6
Dodging        | 4 5 6 7 |  7.8
Fighting       | 4 5 6 7 8 |  8.4
Armour         | 1 2 3 4 |  4.9
Invocations    | 1 2 4 6 7 |  7.0
Throwing       | 1 2 |  2.5
Shields        | 1 2 4 5 |  5.4
Evocations     | 1 2 |  2.0

Action                     |  1- 3 |  4- 6 |  7- 9 | 10-12 || total
---------------------------+-------+-------+-------+-------++-------
  Melee: Falchion          |    47 |   127 |       |       ||   174
         Long sword        |       |    12 |   116 |   168 ||   296
  Throw: Boomerang         |       |     3 |    10 |       ||    13
 Invoke: Upheaval          |       |     2 |     1 |     6 ||     9
    Use: Potion            |       |     2 |       |       ||     2
         Scroll            |       |     1 |     6 |       ||     7
   Stab: Petrifying        |       |       |       |     1 ||     1
         Petrified         |       |       |       |     1 ||     1
 Armour: Robe              |     4 |     5 |    12 |    21 ||    42
         Ring mail         |       |     9 |       |       ||     9
         Skin              |       |     4 |       |       ||     4
         Scale mail        |       |    37 |    13 |       ||    50
         Acid dragon scale |       |       |       |    10 ||    10
  Dodge: Dodged            |    20 |    72 |    73 |    76 ||   241
         Repelled          |       |       |       |     4 ||     4
  Block: Orb               |       |     7 |    17 |    34 ||    58
